 Dungeon Crawl Stone Soup version 0.29-a0-817-g9904bce7a6 (webtiles) character file.

Game seed: 3036325934502013305

65 gobodom the Cutter (level 4, -1/55 HPs)
             Began as a Human Berserker on July 5, 2022.
             Was a Believer of Trog.
             Slain by a gnoll
             ... wielding a +0 spear
              (5 damage)
             ... on level 3 of the Dungeon.
             The game lasted 00:05:31 (2221 turns).

gobodom the Cutter (Human Berserker)                Turns: 2221, Time: 00:05:32

Health: -1/55      AC:  4    Str: 25    XL:     4   Next: 34%
Magic:  4/4        EV: 12    Int:  7    God:    Trog [**....]
Gold:   90         SH:  0    Dex: 13    Spells: 3/3 levels left

rFire   . . .      SeeInvis .   i - +2 short sword (holy)
rCold   . . .      Faith    .   (no shield)
rNeg    . . .      Spirit   .   b - +0 animal skin
rPois   .          Reflect  .   l - +0 helmet
rElec   .          Harm     .   (no cloak)
rCorr   .          Rampage  .   r - +0 pair of gloves
Will    .....                   (no boots)
Stlth   ..........              (no amulet)
HPRegen 0.18/turn               a - +6 ring of strength
MPRegen 0.09/turn               (no ring)

@: berserking (expiring), very quick
A: no striking features
a: Renounce Religion, Berserk, Trog's Hand


You were on level 3 of the Dungeon.
You worshipped Trog.
Trog was pleased with you.
You visited 1 branch of the dungeon, and saw 3 of its levels.

You collected 90 gold pieces.

Inventory:

Hand Weapons
 i - a +2 short sword of holy wrath (weapon)
 n - a +0 hand axe
Armour
 b - a +0 animal skin (worn)
 l - a +0 helmet (worn)
 r - a +0 pair of gloves (worn)
Jewellery
 a - a +6 ring of strength (left hand)
 g - a ring of fire
Scrolls
 d - 4 scrolls of identify {unknown}
 f - a scroll of silence {unknown}
 h - 2 scrolls of teleportation {unknown}
 p - a scroll of vulnerability {unknown}
 q - a scroll of enchant armour {unknown}
Potions
 c - 3 potions of mutation {unknown}
 e - 2 potions of curing {unknown}
 j - a potion of brilliance {unknown}
 k - a potion of attraction {unknown}
 m - a potion of flight {unknown}
 o - a potion of cancellation {unknown}


   Skills:
 + Level 3.7 Fighting
 + Level 3.9 Short Blades
 + Level 2.3 Armour
 + Level 2.1 Dodging
 + Level 0.2 Stealth


You had 3 spell levels left.
You didn't know any spells.
Your spell library was empty.

Dungeon Overview and Level Annotations

Branches:
Dungeon (3/15)

Altars:


Message History

The gnoll shouts! x2
A gnoll comes into view. It is wielding a +0 flail.
The gnoll moves out of view.
The gnoll shouts!
The gnoll hits you with a +0 flail!
You hit the gnoll. You punch the gnoll, but do no damage.
The gnoll is lightly wounded.
The gnoll hits you with a +0 flail.
You hit the gnoll.
The gnoll is moderately wounded.
The gnoll hits you with a +0 flail.
You hit the gnoll.
The gnoll is heavily wounded.
The gnoll barely misses you. The gnoll hits you but does no damage.
A worm comes into view.
The hobgoblin attacks as you move away! The hobgoblin closely misses you.
A red film seems to cover your vision as you go berserk!
You feel yourself moving faster!
You feel mighty! The hobgoblin hits you. The gnoll barely misses you.
You closely miss the hobgoblin. You barely miss the hobgoblin.
The hobgoblin barely misses you.
The gnoll hits you from afar with a +0 spear.
You puncture the hobgoblin!
You kill the hobgoblin!
Trog accepts your kill.
The gnoll hits you from afar with a +0 spear.
You puncture the gnoll!
You kill the gnoll!
Trog accepts your kill. The gnoll hits you with a +0 spear.
* * * LOW HITPOINT WARNING * * *
The gnoll hits you with a +0 flail.
* * * LOW HITPOINT WARNING * * *
You see here a +0 flail.
You puncture the gnoll!
The gnoll is severely wounded.
The gnoll hits you with a +0 flail.
* * * LOW HITPOINT WARNING * * *
The gnoll hits you with a +0 spear.
You die...

.........##.
##...................##.
.....................##.
.....................##.
....w................##.
.....................###
.....................###
......gg................
.....##@##########'#....
........................
#.#####..##########.....
##.# #..##. #.# #..###
#.# #######..#.. ...
.........#'# ...
.....##†#... .... ...
#.#...


You could see a worm and 2 gnolls.

Vanquished Creatures
  A gnoll (D:3)
  An adder (D:3)
  3 dart slugs
  3 ball pythons
  3 bats
  2 endoplasms
  A giant cockroach (D:1)
  4 goblins
  6 hobgoblins
  3 jackals (D:1)
  A quokka (D:1)
  3 frilled lizards (D:1)
  4 kobolds
  2 rats (D:1)
37 creatures vanquished.

Notes
Turn   | Place    | Note
-------+----------+-------------------------------------------
     0 | D:1      | gobodom the Human Berserker began the quest for the Orb.
     0 | D:1      | Reached XP level 1. HP: 18/18 MP: 1/1
   170 | D:1      | Reached XP level 2. HP: 18/24 MP: 2/2
   406 | D:1      | Reached XP level 3. HP: 23/29 MP: 3/3
   995 | D:1      | Reached ** piety under Trog
  2080 | D:3      | Reached XP level 4. HP: 34/37 MP: 4/4
  2221 | D:3      | Slain by a gnoll

Illustrated notes

Levels and vault maps discovered:
D:1:      tarquinn_simple_flora_water_b, layout_loops_ring, dk_noncrumbling_2,
          minmay_vboxes
D:2:      layout_basic
D:3:      layout_basic, nzn_hepliaklqana_mist_gate

Action                   |  1- 3 |  4- 6 || total
-------------------------+-------+-------++-------
Melee: Short sword       |    82 |     9 ||    91
       Punch             |     2 |     1 ||     3
Throw: Stone             |     5 |       ||     5
Invok: Berserk           |     2 |     1 ||     3
 Stab: Sleeping          |     1 |       ||     1
Armor: Animal skin       |    17 |     1 ||    18
Dodge: Dodged            |    63 |     4 ||    67

Table legend: (Time is in decaauts)
 A = Elapsed time spent in this place.
 B = Non-inter-level travel time spent in this place.
 C = Inter-level travel time spent in this place.
 D = Time resting spent in this place.
 E = Time spent auto-exploring this place.
 F = Levels seen in this place.
 G = Mean time per level.
                   A        B        C        D        E       F      G
               +--------+--------+--------+--------+--------+-----+--------+
         Total |   2230 |   2159 |     71 |      9 |   1785 |   3 |  743.3 |
       Dungeon |   2230 |   2159 |     71 |      9 |   1785 |   3 |  743.3 |
               +--------+--------+--------+--------+--------+-----+--------+

Top non-repeatable levels by time:
     D:1: 1233 daAuts
     D:2: 777 daAuts
     D:3: 219 daAuts
